 Dungeon Crawl Stone Soup version 0.31.0 (webtiles) character file.

Game seed: 11397315590452963707

23236 BubbleThief the Warrior (level 12, -7/110 HPs)
             Began as a Demonspawn Gladiator on Jan 20, 2024.
             Was a Priest of Makhleb.
             Mangled by a skyshark (18 damage)
             ... on level 4 of the Lair of Beasts.
             The game lasted 00:31:29 (19486 turns).

BubbleThief the Warrior (Demonspawn Gladiator)     Turns: 19486, Time: 00:31:30

Health: -7/110     AC: 20    Str: 19    XL:     12   Next: 70%
Magic:  19/19      EV:  7    Int: 13    God:    Makhleb [***...]
Gold:   495        SH:  4    Dex: 14    Spells: 11/11 levels left

rFire   + . .        q - +1 broad axe
rCold   + . .        c - +0 buckler
rNeg    . . .        z - +0 plate armour
rPois   .            r - +2 hat {Int+3}
rElec   .            D - scarf {rC+ rF+}
rCorr   .            M - +2 pair of gloves
SInv    .            (no boots)
Will    .....        t - amulet of faith Stlth
                     (no ring)
HPRegen 0.38/turn    (no ring)
MPRegen 0.16/turn

%: faith
@: no status effects
A: antennae 2, hooves 2, demonic guardian 2, powered by pain 2
a: Renounce Religion, Minor Destruction, Lesser Servant of Makhleb


You were on level 4 of the Lair of Beasts.
You worshipped Makhleb.
Makhleb was most pleased with you.
You visited 3 branches of the dungeon, and saw 14 of its levels.

You collected 823 gold pieces.
You spent 328 gold pieces at shops.

Inventory:

Hand Weapons
 a - a +0 war axe
 q - a +1 broad axe (weapon)
Missiles
 e - a javelin
Armour
 c - a +0 buckler (worn)
 k - a +0 kite shield
 r - a +2 hat of intelligence (worn)
 z - a +0 plate armour (worn)
 D - a scarf of resistance (worn)
 E - +0 steam dragon scales
 M - a +2 pair of gloves (worn)
Jewellery
 g - a ring of fire
 t - an amulet of faith (around neck)
 v - a ring of ice
Wands
 b - a wand of digging (9)
 d - a wand of quicksilver (1)
 x - a wand of charming (5)
 H - a wand of flame (3)
 I - a wand of roots (3)
 K - a wand of mindburst (11)
Scrolls
 h - a scroll of identify
 i - 2 scrolls of teleportation
 j - a scroll of enchant weapon
 m - a scroll of fog {unknown}
 n - 3 scrolls of immolation {unknown}
 y - 2 scrolls of butterflies {unknown}
 A - 3 scrolls of blinking
 B - a scroll of amnesia {unknown}
 C - a scroll of enchant armour {unknown}
 G - a scroll of revelation {unknown}
 L - a scroll of torment
Potions
 f - 4 potions of curing
 l - 2 potions of cancellation
 o - 2 potions of haste
 p - a potion of heal wounds
 s - a potion of invisibility
 u - a potion of might
 w - a potion of attraction {unknown}
 F - a potion of lignification
 J - a potion of magic
 N - a potion of resistance {unknown}


   Skills:
 + Level 15.3 Fighting
 - Level 3.6 Axes
 - Level 1.7 Throwing
 + Level 11.6 Armour
 - Level 2.6 Dodging
 - Level 0.6 Shields
 - Level 10.3 Invocations


You had 11 spell levels left.
You didn't know any spells.
Your spell library contained the following spells:

 Spells                   Type           Power      Damage    Failure   Level
 Necrotise                Necr           0%         1d4       100%        1
 Static Discharge         Conj/Air       0%         3-3/arc   100%        2
 Tukima's Dance           Hex            0%         N/A       100%        3
 Vampiric Draining        Necr           0%         2d6       100%        3
 Airstrike                Air            0%         2d(0-16)  100%        4
 Anguish                  Hex/Necr       0%         N/A       100%        4
 Brom's Barrelling Bould  Conj/Erth      0%         2d3       100%        4
 Cause Fear               Hex            0%         N/A       100%        4
 Martyr's Knell           Necr/Summ      0%         N/A       100%        4
 Passage of Golubria      Tloc           0%         N/A       100%        4
 Summon Lightning Spire   Summ/Air       0%         N/A       100%        4
 Curse of Agony           Necr           0%         N/A       100%        5
 Fireball                 Conj/Fire      0%         3d3       100%        5
 Iskenderun's Battlesphe  Conj           0%         2d6       100%        5
 Yara's Violent Unravell  Hex/Alch       0%         3d3       100%        5
 Conjure Ball Lightning   Conj/Air       0%         3x3d6     100%        6
 Enfeeble                 Hex            0%         N/A       100%        7
 Orb of Destruction       Conj           0%         9d5       100%        7


Dungeon Overview and Level Annotations

Branches:
Dungeon (9/15)             Temple (1/1) D:7            Lair (4/5) D:8
  Swamp (0/4) Lair:2       Spider (0/4) Lair:2
  Slime: Lair:4-5       Orc: D:9-12

Altars:
Ashenzari
Fedhas
Gozag
Hepliaklqana
Kikubaaqudgha
Makhleb
Nemelex Xobeh
Okawaru
Ru
Sif Muna
Trog
Uskayaw
Vehumet
Wu Jian
Xom
Yredelemnul

Shops:
D:3 (   D:5 (::[[   D:6 ?

Annotations:
Lair:1 2 transporters, occam's ghost, journeyman OnSh


Innate Abilities, Weirdness & Mutations

You have a pair of antennae on your head.
You have hoof-like feet.
A demonic guardian rushes to your aid.
You sometimes gain power by taking damage.


Message History

The skyshark tail-slaps you. You block the skyshark's attack.
Unknown command.
You slash the skyshark! Your kick misses the skyshark.
The skyshark is moderately wounded.
The skyshark completely misses you. You block the skyshark's attack.
The skyshark tail-slaps you but does no damage.
The skyshark bites you but does no damage.
The skyshark barely misses you. You block the skyshark's attack.
You hit the skyshark.
You kick the skyshark, but do no damage.
The skyshark is heavily wounded.
The skyshark bites you but does no damage.
The skyshark tail-slaps you but does no damage.
The skyshark barely misses you. You block the skyshark's attack.
The skyshark closely misses you.
The skyshark tail-slaps you but does no damage.
Unknown command.
You closely miss the skyshark. You kick the skyshark.
The skyshark is heavily wounded.
The skyshark closely misses you.
The skyshark tail-slaps you but does no damage. x2
The skyshark barely misses you. The skyshark tail-slaps you.
The skyshark tail-slaps you but does no damage.
The skyshark bites you! The skyshark tail-slaps you.
You block the skyshark's attack.
Aiming: Minor Destruction (0% risk of failure)
Press: ? - help, Shift-Dir - straight line, f - skyshark
Aim: a skyshark (moderately wounded, berserk)
The stone arrow hits the skyshark!
The skyshark is heavily wounded.
The skyshark bites you!
A demonic guardian appears!
The skyshark tail-slaps you! The skyshark tail-slaps you.
Unknown command.
The skyshark attacks as it pursues you! The skyshark bites you!!
* * * LOW HITPOINT WARNING * * *
The skyshark tail-slaps you but does no damage.
The skyshark tail-slaps you!
* * * LOW HITPOINT WARNING * * *
The skyshark bites you!!
You die...

## ####. ####.#.. #
##.###..# #> ###
####P......P ..
#.#####.###..###.P
.##.#.##...........## #.#
........^....P...#..# #..
.......F@4........#####.#
#.............#..#..>...#
###..........###..#.....#
#..........P.#......#..
#...(............#...#..
..............##..##....#
....
.##.......P...P#......†..
#...
##.........P##.###...#.
$.. #..<..


You could see a skyshark (berserk, ally target) and a friendly ice devil
(summoned).

Vanquished Creatures
  An eleionoma (Lair:2)
  A hydra (Lair:3)
  A skyshark (Lair:2)
  7 elephants
  A black mamba (Lair:2)
  4 cane toads
  3 rime drakes
  2 komodo dragons (Lair:1)
  2 trolls
  Prince Ribbit (D:8)
  A polar bear (Lair:2)
  5 blink frogs
  A dream sheep (Lair:3)
  A jumping spider (Lair:1)
  A culicivora (Lair:2)
  3 wyverns
  Eustachio (D:5)
  7 yaks
  3 steam dragons
  A basilisk (Lair:2)
  3 vampire mosquitoes (D:9)
  3 water moccasins
  4 ice beasts
  A black bear (D:7)
  2 sky beasts
  9 wolves
  A centaur (D:9)
  10 bullfrogs
  A gnoll sergeant (D:6)
  4 scorpions
  5 killer bees (D:9)
  5 electric eels (D:8)
  6 hounds
  2 jellies
  A gnoll bouda (D:8)
  An orc priest (D:9)
  2 sleepcaps
  4 iguanas
  7 orc wizards
  5 adders
  9 gnolls
  3 white imps
  5 ribbon worms (D:2)
  A dart slug (D:2)
  27 orcs
  6 endoplasms
  8 giant cockroaches
  9 hobgoblins
  8 kobolds
  2 quokkas
  12 ball pythons
  10 bats
  3 frilled lizards
  6 goblins
  6 rats
238 creatures vanquished.

Vanquished Creatures (collateral kills)
  Gastronok (Lair:2)
  A skyshark (Lair:3)
  4 elephants
  A black mamba (Lair:3)
  4 cane toads
  2 komodo dragons
  4 blink frogs
  3 dream sheep (Lair:3)
  A yak (Lair:4)
  Grum (D:8)
  A basilisk (Lair:2)
  An acid dragon (D:9)
  2 water moccasins (Lair:3)
  An ogre (D:7)
  4 wolves
  2 phantoms
  A bullfrog (D:9)
  An electric eel (D:8)
  4 gnolls
  An orc (D:8)
  A kobold (D:4)
41 creatures vanquished.

Vanquished Creatures (others)
  A human (D:4)
  A gnoll bouda (D:7)
  An orc wizard (D:9)
  A gnoll (D:7)
  An orc (D:8)
5 creatures vanquished.

Grand Total: 284 creatures vanquished

Notes
Turn   | Place    | Note
-------+----------+-------------------------------------------
     0 | D:1      | BubbleThief the Demonspawn Gladiator began the quest for
                  | the Orb.
     0 | D:1      | Reached XP level 1. HP: 16/16 MP: 1/1
   288 | D:1      | Gained mutation: You sometimes gain a little power by
                  | taking damage. [demonic ancestry]
   288 | D:1      | Reached XP level 2. HP: 23/23 MP: 2/2
  1072 | D:2      | Reached XP level 3. HP: 24/28 MP: 3/3
  1274 | D:2      | Reached skill level 3 in Fighting
  1777 | D:2      | HP: 1/29 [ribbon worm (1)]
  2391 | D:3      | Discovered your monstrous ancestry.
  2391 | D:3      | Gained mutation: You have a pair of small antennae on your
                  | head. [demonic ancestry]
  2391 | D:3      | Reached XP level 4. HP: 35/35 MP: 4/4
  2779 | D:3      | Reached skill level 4 in Fighting
  2910 | D:3      | Found Ruashuewk's Antique Weapon Shop.
  2934 | D:3      | Gained mutation: A weak demonic guardian rushes to your
                  | aid. [demonic ancestry]
  2934 | D:3      | Reached XP level 5. HP: 39/43 MP: 5/5
  2998 | D:3      | Found a hide-covered altar of Uskayaw.
  3070 | D:3      | Found a faded altar of an unknown god.
  3376 | D:4      | Reached skill level 5 in Fighting
  3513 | D:4      | Found an ancient bone altar of Kikubaaqudgha.
  3694 | D:4      | Gained mutation: You have large cloven feet. [demonic
                  | ancestry]
  3694 | D:4      | Reached XP level 6. HP: 22/52 MP: 6/6
  3817 | D:4      | Reached skill level 6 in Fighting
  3864 | D:4      | Noticed an ice beast
  4047 | D:4      | Killed an ice beast
  4049 | D:4      | Reached skill level 7 in Fighting
  4228 | D:4      | Found an ornate altar of the Wu Jian Council.
  4536 | D:4      | Noticed a human
  4537 | D:4      | Killed a human
  4578 | D:5      | Entered Level 5 of the Dungeon
  4592 | D:5      | Found Urixt's Book Shoppe.
  4605 | D:5      | Gained mutation: You have a pair of antennae on your head.
                  | [demonic ancestry]
  4605 | D:5      | Reached XP level 7. HP: 28/60 MP: 7/7
  4795 | D:5      | Found Yqukliuxt's Book Shop.
  4927 | D:5      | Noticed Eustachio
  4947 | D:5      | Killed Eustachio
  4948 | D:5      | Reached skill level 8 in Fighting
  5083 | D:5      | Found Yzxowi's Antique Armour Emporium.
  5137 | D:5      | Found Yffutumn's Antique Armour Boutique.
  5145 | D:5      | Bought a pair of embroidered boots for 202 gold pieces
  5384 | D:5      | Found Vylludon's Weapon Shoppe.
  5775 | D:6      | Reached skill level 9 in Fighting
  5775 | D:6      | Reached XP level 8. HP: 40/71 MP: 8/8
  5965 | D:6      | Reached skill level 1 in Armour
  6302 | D:6      | Found Hyhuvvuttash's Magic Scroll Shoppe.
  6309 | D:6      | Bought a scroll of blinking for 90 gold pieces
  6309 | D:6      | Bought a scroll of teleportation for 36 gold pieces
  6584 | D:7      | Found a staircase to the Ecumenical Temple.
  6593 | Temple   | Entered the Ecumenical Temple
  6598 | Temple   | Became a worshipper of Makhleb the Destroyer
  6977 | D:7      | Reached skill level 10 in Fighting
  7772 | D:7      | Gained mutation: A demonic guardian rushes to your aid.
                  | [demonic ancestry]
  7772 | D:7      | Reached XP level 9. HP: 60/79 MP: 9/9
  8104 | D:8      | Noticed Grum
  8119 | D:8      | Killed Grum
  8120 | D:8      | Reached skill level 5 in Armour
  8135 | D:8      | Reached skill level 11 in Fighting
  8360 | D:8      | Found a broken altar of Ashenzari.
  8437 | D:8      | Noticed Prince Ribbit
  8458 | D:8      | Killed Prince Ribbit
  8641 | D:8      | Noticed a troll
  8712 | D:8      | Killed a troll
  9025 | D:8      | Reached * piety under Makhleb
  9102 | D:8      | Found a staircase to the Lair.
  9346 | D:9      | Reached skill level 12 in Fighting
  9346 | D:9      | Gained mutation: You have hoof-like feet. [demonic
                  | ancestry]
  9346 | D:9      | Reached XP level 10. HP: 23/89 MP: 10/10
 11492 | Lair:1   | Entered Level 1 of the Lair of Beasts
 11579 | Lair:1   | Noticed a cane toad
 11599 | Lair:1   | Killed a cane toad
 11786 | Lair:1   | Noticed a cane toad
 11786 | Lair:1   | Noticed a cane toad
 11798 | Lair:1   | Killed a cane toad
 11799 | Lair:1   | Reached skill level 13 in Fighting
 12347 | Lair:1   | Noticed occam's ghost (journeyman OnSh)
 12347 | Lair:1   | Identified the +4 hand axe of Siklosaa {drain, rElec rPois
                  | rF+}
 12347 | Lair:1   | Noticed a meliai
 12539 | Lair:1   | Found a transporter.
 12546 | Lair:1   | Found a transporter.
 12580 | Lair:1   | Reached ** piety under Makhleb
 12594 | Lair:1   | Reached XP level 11. HP: 41/98 MP: 11/11
 13501 | Lair:2   | Noticed Gastronok
 13535 | Lair:2   | Killed Gastronok
 13536 | Lair:2   | Reached skill level 5 in Invocations
 15158 | Lair:2   | Noticed a skyshark
 15183 | Lair:2   | Killed a skyshark
 15184 | Lair:2   | Reached skill level 10 in Invocations
 15771 | Lair:2   | Found a staircase to the Swamp.
 15771 | Lair:2   | Noticed an eleionoma
 15789 | Lair:2   | Killed an eleionoma
 16669 | Lair:2   | Found a hole to the Spider Nest.
 16683 | Lair:2   | Reached skill level 14 in Fighting
 16916 | Lair:3   | Noticed a six-headed hydra
 16933 | Lair:2   | Reached skill level 10 in Armour
 17013 | Lair:3   | Gained mutation: You sometimes gain power by taking damage.
                  | [demonic ancestry]
 17013 | Lair:3   | Reached XP level 12. HP: 96/107 MP: 19/19
 17632 | Lair:3   | Killed a six-headed hydra
 18705 | Lair:4   | Reached skill level 15 in Fighting
 18906 | Lair:4   | Reached *** piety under Makhleb
 19486 | Lair:4   | Mangled by a skyshark

Illustrated notes

Levels and vault maps discovered:
D:1:      nagdon_arrival_zigzag_paths, layout_basic,
          chequers_hall_statues_wall_a, minmay_misc_feat_ornament
D:2:      minmay_razor_zed, layout_basic, supply_closet_lemuel
D:3:      layout_basic, mainiacjoe_overflow_alcove_2,
          shapermc_ecumenical_altar_acropolis, serial_shops, shop
D:4:      layout_cave_pools, tgw_kikubaaqudgha, nicolae_wu_jian_wuxing_cycle,
          nrook_mini_vaults, hex_medium, chequers_serial_rivers_large_a
D:5:      layout_loops_corners, serial_shops, shop, shop,
          nicolae_shop_back_alley_shop, shop, nicolae_shop_bloodbath_and_beyond,
          uniq_eustachio
D:6:      layout_basic, nicolae_stop_n_shop_1, abandoned_shop
D:7:      layout_gridville, minmay_temple_entry_nine_rooms,
          nicolae_lava_and_water, skrybe_limestone_x
D:8:      layout_loops_ring, mainiacjoe_overflow_chevrons,
          mainiacjoe_overflow_alcove_1, erik_lair_island, uniq_grum,
          uniq_prince_ribbit1
D:9:      layout_loops_ring, minmay_diced_spiral
Temple:   cyrus_circular_temple
Lair:1:   layout_chaotic_city, gammafunk_ghost_hive, infiniplex_staircase_pool,
          grunt_megastairs_4
Lair:2:   layout_chaotic_city, alex1729_swamp_entry_worm_eleionoma,
          spider_nest_entry_funnel_web, uniq_gastronok
Lair:3:   layout_roguey
Lair:4:   layout_loops_ring

Skill      XL: |  1  2  3  4  5  6  7  8  9 10 11 12 |
---------------+-------------------------------------+-----
Axes           | 3 |  3.6
Fighting       | 3 4 5 7 9 10 12 13 14 15 | 15.3
Armour         | 4 7 9 10 11 | 11.6
Invocations    | 10 | 10.3
Throwing       | |  1.7
Dodging        | |  2.6
Shields        | |  0.6

Action                     |  1- 3 |  4- 6 |  7- 9 | 10-12 || total
---------------------------+-------+-------+-------+-------++-------
  Melee: War axe           |   147 |    16 |       |       ||   163
         Broad axe         |       |   131 |   276 |   636 ||  1043
         Kick              |       |    12 |     2 |    28 ||    42
  Throw: Throwing net      |     2 |     3 |     2 |       ||     7
         Dart              |       |     1 |    14 |     5 ||    20
 Invoke: Minor Destruction |       |       |       |    13 ||    13
  Evoke: Wand              |       |       |    16 |    12 ||    28
    Use: Scroll            |       |     4 |     3 |     7 ||    14
         Potion            |       |     1 |       |     1 ||     2
   Stab: Sleeping          |     1 |     1 |       |       ||     2
         Held in net/web   |       |     1 |     2 |       ||     3
         Distracted        |       |       |     1 |       ||     1
 Armour: Leather armour    |    80 |   119 |   148 |       ||   347
         Steam dragon scal |       |       |    99 |     2 ||   101
         Plate armour      |       |       |       |  1091 ||  1091
  Dodge: Dodged            |    89 |    86 |   187 |   327 ||   689
  Block: Kite shield       |    20 |    77 |       |       ||    97
         Buckler           |       |     1 |    70 |   159 ||   230
